Map: World of Sleepers LE

Players

Bly - Winner!

  • Race: Zerg Zerg
  • Spawn Location: 1:00

Semper

  • Race: Terran Terran
  • Spawn Location: 7:00

VOD

Have the link to the VOD?

Description

Time

  • Played on: Sept. 6, 2019, 1:56 p.m.
  • Length: 18:14
Show
View Real Time Build Order
Export as new Build Order

Bly Zerg - Winner!

Build Orders: Hatch First 

Get SALT Encoding   

  12  0:01  Drone  
  13  0:13  Overlord  
  13  0:17  Drone  
  14  0:32  Drone x2  
  16  0:48  Hatchery  
  15  0:51  Drone  
  15  0:55  Drone  
  17  0:58  Drone  
  18  1:09  Extractor  
  17  1:15  Spawning Pool  
  17  1:17  Drone  
  17  1:21  Drone  
  18  1:28  Drone  
  19  1:39  Drone  
  20  1:49  Overlord  
  20  2:01  Queen x2  
  20  2:02  Zergling x4  
  26  2:13  Metabolic Boost, Drone x2  
  28  2:32  Drone, Hatchery  
  28  2:41  Drone x3  
  31  2:51  Drone  
  31  2:55  Overlord x2  
  32  2:59  Queen  
  32  3:03  Drone  
  35  3:07  Drone  
  36  3:16  Drone x5  
  41  3:31  Zergling x4  
  42  3:39  Zergling x4  
  44  3:47  Queen  
  46  3:49  Drone x5  
  46  3:50  Roach Warren, Extractor  
  49  3:59  Drone x3  
  51  4:07  Drone x2  
  54  4:11  Overlord  
  54  4:16  Overlord  
  54  4:22  Overlord x2, Unknown  
  50  4:32  Roach x3  
  50  4:37  Overlord  
  50  4:38  Roach x4  
  64  4:43  Roach x4  
  72  4:55  Zergling x10  
  77  5:02  Zergling x14  
  84  5:10  Ravager  
  84  5:11  Overlord  
  84  5:13  Zergling x4  
  87  5:15  Ravager x2  
  89  5:23  Overlord  
  89  5:26  Overlord  
  89  5:27  Extractor  
  88  5:33  Ravager x2  
  90  5:41  Hatchery  
  79  5:45  Zergling x18  
  73  5:58  Ravager x2, Drone x2  
  73  5:59  Drone x7  
  84  6:06  Lair  
  84  6:07  Extractor  
  84  6:08  Evolution Chamber  
  84  6:09  Evolution Chamber  
  81  6:11  Drone x5  
  85  6:25  Drone  
  85  6:26  Drone x5  
  91  6:38  Extractor  
  90  6:40  Drone x8  
  90  6:41  Zerg Ground Armor Level 1  
  90  6:42  Zerg Melee Weapons Level 1  
  98  6:56  Hatchery  
  97  7:05  Glial Reconstitution  
  97  7:10  Drone x8  
  105  7:17  Roach x7  
  119  7:30  Overlord x3  
  117  7:48  Overlord  
  118  7:51  Drone x6  
  118  7:52  Drone x3  
  118  7:53  Overlord  
  125  8:03  Roach x4  
  125  8:04  Zergling x12  
  135  8:19  Spire  
  132  8:24  Baneling Nest  
  132  8:27  Hatchery  
  128  8:30  Overseer  
  128  8:39  Zerg Melee Weapons Level 2, Zerg Ground Armor Level 2  
  128  8:43  Hatchery  
  123  8:51  Zergling x2  
  123  8:52  Zergling x24  
  123  8:53  Ravager x2  
  123  8:54  Ravager x2  
  140  9:08  Centrifical Hooks  
  140  9:12  Baneling x12  
  140  9:16  Zergling x16  
  146  9:19  Drone  
  146  9:37  Zergling x30, Extractor  
  146  9:38  Overlord  
  160  9:41  Extractor  
  159  9:46  Drone x4  
  163  9:54  Infestation Pit, Zerg Flyer Weapons Level 1  
  160  10:07  Baneling x2  
  158  10:14  Mutalisk  
  158  10:15  Mutalisk x8  
  158  10:16  Zergling x6  
  158  10:18  Overlord  
  158  10:19  Overlord  
  158  10:20  Overlord  
  168  10:49  Hive  
  166  10:57  Baneling x10  
  166  11:00  Drone x3  
  166  11:01  Drone x2  
  166  11:02  Drone x7  
  155  11:20  Zergling x38  
  172  11:59  Baneling x13  
  172  12:01  Zergling x52  
  192  12:02  Zerg Melee Weapons Level 3, Zerg Ground Armor Level 3, Adrenal Glands  
  192  12:06  Ultralisk Cavern  
  195  12:18  Greater Spire  
  194  12:23  Zergling x4  
  194  12:24  Zergling x8  
  164  12:37  Hatchery  
  164  12:42  Zergling x32  
  143  12:51  Zergling x10  
  143  12:52  Zergling x14  
  143  12:54  Chitinous Plating  
  152  13:03  Extractor  
  153  13:13  Ultralisk x4  
  153  13:14  Zergling x20  
  153  13:19  Zergling x16  
  176  13:36  Baneling x2  
  176  13:38  Zergling x22, Ultralisk x2  
  199  13:49  Baneling x14  
  199  14:08  Ultralisk  
  199  14:09  Zergling x4  
  199  14:20  Baneling  
  199  14:21  Baneling x12  
  198  14:30  Zerg Flyer Armor Level 1  
  136  14:54  Zergling x48  
  136  14:55  Zergling x8  
  152  15:08  Corruptor, Infestor x2  
  152  15:09  Corruptor x3, Extractor  
  155  15:22  Baneling x16  
  136  15:44  Spore Crawler  
  136  15:45  Spore Crawler  
  136  15:48  Zergling x52  
  136  15:49  Overlord x4  
  160  15:54  Brood Lord x3  
  160  15:55  Brood Lord, Hatchery  
  167  16:04  Zergling x12  
  167  16:09  Hatchery  
  168  16:20  Corruptor x4  
  176  16:31  Corruptor x2  
  179  16:50  Baneling x5  
  179  16:55  Corruptor x3  
  179  16:57  Spore Crawler  
  180  17:04  Zergling x32  
  184  17:15  Zergling x26  
  173  17:24  Zergling x18, Ultralisk x3  
  194  17:42  Zergling x12  
Show
View Real Time Build Order
Export as new Build Order

Semper Terran 

Build Orders: Hellion Opening, Reaper Expand 

Get SALT Encoding   

  12  0:00  SCV  
  13  0:12  SCV  
  14  0:17  Supply Depot  
  14  0:24  SCV  
  15  0:38  SCV  
  15  0:39  Barracks  
  16  0:44  Refinery  
  16  0:50  SCV  
  17  1:02  SCV  
  18  1:15  SCV  
  19  1:27  Orbital Command, Reaper  
  20  1:39  Command Center  
  20  1:50  Supply Depot  
  20  1:52  SCV  
  21  1:59  Marine  
  22  2:04  Factory  
  22  2:08  SCV  
  23  2:20  SCV  
  23  2:22  Barracks Reactor  
  24  2:32  SCV  
  25  2:43  Command Center  
  25  2:44  SCV  
  26  2:51  Orbital Command  
  26  2:56  SCV  
  27  3:04  Hellion x2  
  31  3:08  SCV  
  31  3:10  Marine  
  33  3:18  SCV  
  34  3:25  SCV, Hellion x2  
  39  3:30  SCV  
  39  3:31  Barracks Tech Lab  
  40  3:37  SCV  
  41  3:42  SCV  
  41  3:47  Hellion x2  
  46  3:54  Marine  
  46  3:55  SCV  
  48  3:57  Stimpack, Orbital Command  
  48  4:00  SCV  
  49  4:05  Refinery  
  49  4:07  SCV  
  50  4:13  SCV  
  50  4:14  Barracks  
  50  4:15  Barracks  
  51  4:19  SCV  
  51  4:20  Factory Reactor  
  51  4:23  SCV  
  51  4:26  SCV  
  51  4:30  Marine  
  52  4:32  SCV  
  52  4:33  Supply Depot, Engineering Bay  
  52  4:34  Supply Depot, Engineering Bay  
  52  4:38  SCV  
  54  4:39  SCV  
  54  4:44  SCV  
  56  4:48  Marine  
  56  4:50  Starport  
  57  4:56  SCV  
  57  4:59  Bunker  
  56  5:01  SCV  
  56  5:03  Refinery  
  56  5:04  Refinery  
  58  5:07  Factory Tech Lab  
  58  5:08  Bunker  
  58  5:10  Marauder  
  58  5:11  Marine x2  
  61  5:16  Bunker  
  61  5:17  Engineering Bay  
  61  5:18  SCV x2  
  61  5:19  Engineering Bay  
  61  5:20  SCV  
  64  5:21  Marine x2  
  64  5:28  Siege Tank  
  69  5:30  Starport Reactor  
  69  5:32  Marine  
  69  5:33  Marine, Supply Depot  
  71  5:40  Marine  
  71  5:41  Marine  
  69  5:49  SCV  
  69  5:51  Marine  
  69  5:53  SCV x2  
  69  5:54  Marine  
  69  5:58  Terran Infantry Weapons Level 1  
  69  6:00  Siege Tank  
  69  6:02  Terran Infantry Armor Level 1  
  71  6:06  SCV  
  72  6:12  Orbital Command  
  72  6:15  Marine  
  72  6:16  Marine x4  
  77  6:25  Supply Depot x2  
  77  6:27  Supply Depot  
  77  6:30  Medivac x2  
  81  6:39  Combat Shield  
  78  6:46  Marine x5  
  83  6:49  SCV  
  83  6:50  SCV  
  83  6:54  Barracks x2, Armory  
  85  6:55  Siege Tank  
  89  7:01  SCV  
  89  7:04  Marine x2  
  89  7:08  Supply Depot  
  91  7:09  SCV  
  91  7:10  SCV, Supply Depot  
  91  7:14  Marine  
  94  7:15  Medivac  
  94  7:16  Medivac  
  98  7:23  SCV  
  98  7:26  SCV x2  
  98  7:29  Siege Tank  
  104  7:33  Supply Depot  
  104  7:35  SCV  
  100  7:40  Marine, SCV  
  97  7:45  Marine, Medivac  
  97  7:46  Medivac  
  97  7:49  Marine  
  97  7:51  Marine, SCV, Orbital Command  
  104  7:56  Marine  
  104  7:58  Barracks Reactor x2  
  104  8:06  SCV  
  104  8:07  SCV  
  104  8:08  Terran Infantry Weapons Level 2  
  106  8:17  Marine  
  106  8:18  SCV x2  
  106  8:19  Marine, SCV  
  108  8:20  Marine  
  108  8:24  Medivac  
  111  8:30  SCV  
  111  8:31  SCV x2  
  111  8:34  Factory  
  114  8:40  Refinery x2  
  114  8:42  SCV  
  114  8:43  SCV  
  114  8:45  Supply Depot  
  114  8:46  Supply Depot  
  114  8:47  SCV  
  112  8:50  Marine, Terran Infantry Armor Level 2  
  112  8:51  Marine x2  
  112  8:54  SCV  
  116  8:57  SCV  
  116  8:58  Marine  
  116  9:00  SCV  
  116  9:01  Siege Tank  
  120  9:03  Marine x3  
  120  9:04  Marine x2  
  120  9:07  SCV  
  120  9:08  Marine  
  120  9:09  SCV  
  128  9:12  Marine  
  128  9:13  Marine, SCV  
  128  9:16  Marine  
  132  9:19  SCV  
  132  9:21  Factory Tech Lab, SCV  
  132  9:22  Terran Vehicle Weapons Level 1  
  134  9:28  Supply Depot  
  134  9:30  Supply Depot x3  
  134  9:34  Missile Turret  
  134  9:35  Missile Turret x2  
  134  9:36  Marine x4  
  141  9:49  Marine x4  
  141  9:51  Thor  
  150  9:54  Siege Tank  
  150  9:57  Command Center  
  150  9:59  Marine  
  151  10:00  Marine x2  
  151  10:06  Supply Depot  
  153  10:10  Marine  
  153  10:11  Marauder  
  155  10:20  Marine  
  155  10:21  Marine x4  
  160  10:26  Barracks  
  160  10:27  Barracks  
  158  10:32  Marauder  
  158  10:35  Siege Tank  
  160  10:46  Marine  
  160  10:47  Marine x7  
  160  10:49  Thor  
  172  10:52  Barracks  
  172  10:53  Marine  
  167  11:01  Sensor Tower, Missile Turret  
  167  11:05  Marine  
  167  11:06  Marine x4  
  172  11:14  Terran Infantry Weapons Level 3  
  172  11:16  Marine  
  160  11:19  Marine  
  159  11:25  Terran Vehicle Weapons Level 2  
  159  11:27  Terran Infantry Armor Level 3  
  159  11:29  Marine x4  
  163  11:35  Marine  
  163  11:36  Marine x3  
  163  11:38  Marine x2  
  168  11:51  Barracks Tech Lab  
  168  11:57  Marine  
  169  12:04  Marine, Siege Tank x2  
  169  12:05  Marine x6, Marauder, Barracks Tech Lab  
  184  12:17  Unknown  
  184  12:18  Missile Turret  
  184  12:26  Marauder  
  181  12:35  Marine x2  
  181  12:36  Siege Tank x2  
  157  12:37  Marine  
  157  12:38  Marine x2, Marauder  
  157  12:41  Marine x5  
  118  12:46  SCV  
  118  12:47  Marine, SCV  
  113  12:53  Marine x2  
  113  12:55  Marine  
  113  12:56  Marine x2  
  117  12:59  Marine x5  
  117  13:00  Marauder  
  117  13:05  Marine  
  125  13:08  Siege Tank x2  
  125  13:10  Marine  
  127  13:18  Marine x2  
  127  13:19  Marine x5, Marauder  
  136  13:21  Marine  
  136  13:22  Marauder  
  136  13:23  Marine  
  136  13:26  SCV x3  
  143  13:31  Medivac x2  
  146  13:35  Marine  
  146  13:36  Marine x4  
  146  13:40  Siege Tank x2  
  146  13:41  Marauder  
  159  13:46  Planetary Fortress  
  159  13:52  Marine  
  159  13:53  Marine, Marauder  
  163  13:57  Supply Depot x2  
  163  14:01  Medivac x2  
  167  14:06  Marauder x2  
  167  14:07  Marine x2, Barracks Tech Lab  
  171  14:14  Liberator, Marauder  
  171  14:16  Liberator  
  172  14:17  Starport  
  172  14:18  Siege Tank  
  172  14:19  Starport  
  172  14:21  Marine x2  
  172  14:22  Supply Depot  
  172  14:23  Supply Depot  
  177  14:28  Marine, Marauder  
  186  14:39  Marine, Marauder  
  186  14:43  Siege Tank  
  172  14:49  Marine, SCV x2  
  172  14:50  Marine, SCV, Marauder  
  150  14:54  SCV  
  151  15:00  Marine x2  
  151  15:01  SCV  
  150  15:19  Command Center, Concussive Shells  
  147  15:22  Liberator x2  
  147  15:23  Marine, Marauder  
  137  15:40  Starport Reactor, Starport Tech Lab  
  143  15:43  Fusion Core  
  143  15:52  Liberator  
  143  15:54  Marine, Marauder x4  
  143  15:55  Marine x3  
  155  16:01  Liberator  
  155  16:02  Liberator  
  155  16:05  Liberator  
  155  16:08  Liberator  
  158  16:15  Marauder  
  169  16:27  Orbital Command  
  169  16:28  Marine  
  169  16:32  Advanced Ballistics  
  163  16:35  Liberator, Unknown  
  163  16:44  Sensor Tower  
  163  16:47  Liberator  
  163  16:48  Ghost Academy  
  161  17:09  Viking x2  
  161  17:10  Marine x4  
  161  17:11  Marine x3  
  161  17:12  Planetary Fortress  
  170  17:20  Marine  
  141  17:25  Marine  
  141  17:26  Marine x3  
  141  17:28  Marine x6  
  138  17:38  Viking  
  138  17:41  Marine  
  138  17:43  Marine x3  
  139  17:48  Marine  
  118  17:52  Marine  
Tags
 
Add a new tag
Caveats
  • Supply blocks, unpowered buildings, or Contaminate may cause inaccurate times.
  • Supply counts are checked every 10 seconds.